 Dungeon Crawl Stone Soup version 0.31.0-12-g77e489cdc1 (webtiles) character file.

Game seed: 4595521298116942431

129 ChrisAssaf the Sneak (level 5, 0/46 HPs)
             Began as a Naga Brigand on Feb 15, 2024.
             Slain by a gnoll
             ... wielding a +0 club
              (8 damage)
             ... on level 4 of the Dungeon.
             The game lasted 00:06:27 (1718 turns).

ChrisAssaf the Sneak (Naga Brigand)                 Turns: 1718, Time: 00:06:27

Health: 0/46       AC:  7    Str: 19    XL:     5   Next: 12%
Magic:  5/5        EV:  9    Int: 13    God:
Gold:   63         SH:  0    Dex: 13    Spells: 4/4 levels left

rFire   . . .        a - +2 dagger
rCold   + . .        (no shield)
rNeg    . . .        g - +2 ring mail {rC+}
rPois   +            (no helmet)
rElec   .            c - +0 cloak
rCorr   .            (no gloves)
SInv    +            (no barding)
Will    .....        l - amulet of faith
Stlth   +++          i - +6 ring of strength
HPRegen 0.27/turn    (no ring)
MPRegen 0.09/turn

%: faith
@: about to teleport, on berserk cooldown, slowed, very slow
A: AC +1, large, see invisible, deformed body, poison resistance, slowness 2,
spit poison 1, naga tail 1
a: Spit Poison


You were on level 4 of the Dungeon.
You visited 1 branch of the dungeon, and saw 4 of its levels.

You collected 63 gold pieces.

Inventory:

Hand Weapons
 a - a +2 dagger (weapon)
Missiles
 d - 16 poisoned darts (quivered)
 e - 3 curare-tipped darts
 k - 12 boomerangs
Armour
 b - a +0 robe
 c - a +0 cloak (worn)
 g - a +2 ring mail of cold resistance (worn)
Jewellery
 i - a +6 ring of strength (left hand)
 l - an amulet of faith (around neck)
Scrolls
 h - a scroll of fog


   Skills:
 * Level 2.3 Fighting
 * Level 2.5 Short Blades
 * Level 2.2 Throwing
 * Level 1.1 Armour
 * Level 1.3 Dodging
 * Level 7.7 Stealth


You had 4 spell levels left.
You didn't know any spells.
Your spell library was empty.

Dungeon Overview and Level Annotations

Branches:
Dungeon (4/15)
 Temple: D:4-7

Altars:


Innate Abilities, Weirdness & Mutations

Your serpentine skin is tough. (AC +1)
You have supernaturally acute eyesight. (SInv)
Armour fits poorly on your strangely shaped body.
Your system is resistant to poisons. (rPois)
You cover ground very slowly.
You can spit poison.
You have a snake-like lower body.


Message History

You puncture the jelly!
Your hands burn!
The jelly is heavily wounded.
The jelly hits you but does no damage.
You puncture the jelly!
You kill the jelly!
Your Armour skill increases to level 1!
You have reached level 5!
You are no longer berserk.
You are exhausted.
You feel yourself slow down. The gnoll closely misses you.
The gnoll hits you with a +0 club.
You closely miss the gnoll. The gnoll hits you with a +0 club.
The gnoll closely misses you. The gnoll hits you with a +0 flail!
The gnoll barely misses you.
You hit the gnoll. Your punch misses the gnoll.
The gnoll is lightly wounded.
The gnoll barely misses you. x2
Unknown command.
Aiming: Spit Poison (1% risk of failure)
Press: ? - help, Shift-Dir - straight line, f - gnoll
Aim: a gnoll, wielding a +0 club (65% to hit)
The splash of poison hits the gnoll.
The gnoll is heavily wounded.
The gnoll closely misses you. The gnoll hits you with a +0 flail!
Unknown command.
You hit the gnoll.
The gnoll is severely wounded.
The gnoll hits you but does no damage. The gnoll barely misses you. x2
The gnoll hits you with a +0 flail!
You barely miss the gnoll.
The gnoll is severely wounded.
You have got your breath back.
The gnoll hits you with a +0 club. The gnoll hits you with a +0 flail!
* * * LOW HITPOINT WARNING * * *
You aren't carrying any potions.
Unknown command.
As you read the scroll of teleportation, it crumbles to dust.
You feel strangely unstable. The gnoll hits you but does no damage.
The gnoll barely misses you. x2; The gnoll hits you with a +0 club!
You die...

#..................
#.........#........
#.....<...##.>.=...
##.[................
#...................
#..................#
#....<........(.##
#......g....).
+.....@g......
+...(.....)...
+.......>.....
#...........).
#.............
...............
##...|...#......
##.............
#######.#....


You could see 2 gnolls.

Vanquished Creatures
  A jelly (D:4)
  An iguana (D:4)
  A gnoll (D:3)
  An adder (D:3)
  A ribbon worm (D:3)
  2 dart slugs
  2 orcs
  3 ball pythons
  5 bats
  3 endoplasms
  4 giant cockroaches
  A goblin (D:1)
  6 hobgoblins
  3 jackals (D:3)
  3 kobolds
  A quokka (D:3)
  A frilled lizard (D:1)
  4 rats
43 creatures vanquished.

Notes
Turn   | Place    | Note
-------+----------+-------------------------------------------
     0 | D:1      | ChrisAssaf the Naga Brigand began the quest for the Orb.
     0 | D:1      | Reached XP level 1. HP: 19/19 MP: 1/1
    54 | D:1      | Reached skill level 6 in Stealth
   186 | D:1      | Reached XP level 2. HP: 23/26 MP: 2/2
   779 | D:2      | Reached XP level 3. HP: 32/32 MP: 3/3
   982 | D:3      | Reached skill level 1 in Dodging
  1014 | D:3      | Reached skill level 7 in Stealth
  1493 | D:3      | Reached XP level 4. HP: 39/39 MP: 4/4
  1711 | D:4      | Reached skill level 1 in Armour
  1711 | D:4      | Reached XP level 5. HP: 46/46 MP: 5/5
  1718 | D:4      | Slain by a gnoll

Illustrated notes

Levels and vault maps discovered:
D:1:      dpeg_arrival_boxorama, layout_basic, shapermc_ecumenical_altar_venn
D:2:      layout_loops_cross
D:3:      layout_basic, minmay_misc_feat_four_crosses
D:4:      layout_rooms, good_gods_mini_temple, makhleb_blood_cavern_becter

Skill      XL: |  1  2  3  4 |
---------------+-------------+-----
Stealth        | 6 7 |  7.7
Throwing       | 2 |  2.2
Dodging        | 1 |  1.3
Armour         | 1 |  1.1
Fighting       | |  2.3
Short Blades   | |  2.5

Action                     |  1- 3 |  4- 6 || total
---------------------------+-------+-------++-------
  Melee: Dagger            |    58 |    23 ||    81
  Throw: Dart              |     8 |     1 ||     9
Ability: Spit Poison       |    25 |     6 ||    31
    Use: Scroll            |     4 |     1 ||     5
         Potion            |       |     1 ||     1
   Stab: Sleeping          |    11 |     1 ||    12
 Armour: Robe              |    16 |       ||    16
         Ring mail         |    42 |    22 ||    64
  Dodge: Dodged            |    26 |    17 ||    43
